AoeStats
← dArkHorSE rAILWAy

Arabia

503421402Analyzed
1v1 RM · 1mo ago on Aug 31, 2026· 33m 15s· 2 players
Game mode
Random Map
Map size
Tiny (2 player)
Population
200
Speed
Normal
Resources
Standard
Victory
Conquest
Starting age
Dark Age
Ending age
Imperial Age
RankedLock teamsTeams togetherTeam positionsShared explorationLock speedFull tech treeHidden civsTurbo modeCheats
Victory
Defeat
🇮🇳 Franks · India
487
+14
🇧🇪 Malay · Belgium
435
-14
dArkHorSE rAILWAy
7:57 Loom
10:13 Feudal Age
11:08 Double-Bit Axe
14:50 Scale Mail Armor
16:08 Forging
17:41 Gold Mining
21:34 Scale Barding Armor
25:28 Castle Age
26:12 Husbandry
26:43 Chain Barding Armor
26:59 Iron Casting
28:40 Wheelbarrow
32:53 Pikeman
33:34 Squires
laenen_bart86
10:29 Feudal Age
10:08 Horse Collar
23:14 Castle Age
22:29 Pikeman
29:22 Imperial Age
29:15 Conscription
Connection lost

Rejoining the realm…

Still unreachable

The connection could not be restored.

Session expired

The server has moved on; the page needs a fresh start.